 Dungeon Crawl Stone Soup version 0.21.1-1-g345015f (webtiles) character file.

53 JeffiDaFish the Ruffian (level 3, -3/30 HPs)
             Began as a Ghoul Warper on Feb 19, 2018.
             Slain by a hobgoblin
             ... wielding a +0 club
              (4 damage)
             ... on level 2 of the Dungeon.
             The game lasted 00:03:34 (1407 turns).

JeffiDaFish the Ruffian (Ghoul Warper)              Turns: 1407, Time: 00:03:35

Health: -3/30      AC:  3    Str: 14    XL:     3   Next: 89%
Magic:  0/5        EV: 12    Int:  9    God:    Xom [......]
Gold:   65         SH:  0    Dex:  8    Spells: 2/6 levels left

rFire    . . .     SeeInvis .     - Unarmed
rCold    + . .     Gourm    .   (no shield)
rNeg     + + +     Faith    .   a - +0 leather armour
rPois    ∞         Spirit   +   (no helmet)
rElec    .         Reflect  .   (no cloak)
rCorr    .         Harm     .   (no gloves)
MR       .....     Rnd*Tele +   (no boots)
Stlth    +.........             h - amulet of guardian spirit
HPRegen  0.00/turn              e - ring of teleportation
MPRegen  0.09/turn              (no ring)

@: very slightly contaminated, rotting
A: rotting body, claws 1, carnivore, cold resistance 1, negative energy
resistance 3, inhibited regeneration, torment resistance, unbreathing
a: Renounce Religion


You were on level 2 of the Dungeon.
You worshipped Xom.
You were a very special plaything of Xom.
You were not hungry.

You visited 1 branch of the dungeon, and saw 2 of its levels.

You collected 65 gold pieces.

Inventory:

Missiles
 d - 5 tomahawks of dispersal (quivered)
Armour
 a - a +0 leather armour (worn)
Jewellery
 e - a ring of teleportation (left claw)
 h - an amulet of guardian spirit (around neck)
Scrolls
 c - a scroll of blinking
 g - a scroll of identify
 i - a scroll of fear
Books
 b - a book of Spatial Translocations

   Spells                             Type                      Level
   a - Blink                          Translocation                2
   b - Shroud of Golubria             Charms/Translocation         2
   c - Lesser Beckoning               Translocation                3
   d - Gell's Gravitas                Translocation                3
   e - Teleport Other                 Translocation                3
   f - Passage of Golubria            Translocation                4
Comestibles
 f - a ration
 j - 2 chunks of flesh


   Skills:
 + Level 2.6 Fighting
 - Level 0.8 Throwing
 - Level 0.8 Armour
 + Level 2.6 Dodging
 + Level 2.8 Unarmed Combat
 + Level 2.3 Spellcasting
 - Level 2.6 Translocations


You had 2 spell levels left.
You knew the following spells:

 Your Spells              Type           Power        Failure   Level  Hunger
a - Blink                 Tloc           N/A          21%         2    ###....
b - Shroud of Golubria    Chrm/Tloc      #.........   34%         2    ###....


Dungeon Overview and Level Annotations

Branches:
Dungeon (2/15)

Altars:
Xom


Innate Abilities, Weirdness & Mutations

Your body is rotting away.
You thrive on raw meat.
You are immune to poison.
You have sharp fingernails.
You are carnivorous and can eat meat at any time.
Your flesh is cold resistant. (rC+)
You are immune to negative energy. (rN+++)
You do not regenerate when monsters are visible.
You are immune to unholy pain and torment.
You can survive without breathing.


Message History

The kobold hits you with a whip.
Something completely misses your butterfly.
The crimson imp grinds its teeth.
Xom almost notices you.
Multicoloured lights dance before your eyes!
You are now a very special plaything of Xom.
The crimson imp hits your butterfly.
Your butterfly dies!
A hobgoblin comes into view. It is wielding a club.
The hobgoblin shouts!
You scratch the hobgoblin.
The hobgoblin is severely wounded.
The hobgoblin barely misses you.
You scratch the hobgoblin.
You kill the hobgoblin!
You scratch the kobold.
The kobold is moderately wounded.
The kobold barely misses you. The hobgoblin hits you with a club.
You die...
Xom is highly amused!

....<##5....##
.#>.bb.####5.#
#...g.# ##K#
#.....# #.#
#.##?## #5####
.. $. #....# .
### ####5##
#.K########
##@g>.....#
#........#
##.......#
###.......#
........)..#
####.......#
#.......#
#.......#
#...<...#


You could see a crimson imp, a hobgoblin and a kobold.

Vanquished Creatures
  A gnoll (D:2)
  2 dart slugs (D:1)
  A leopard gecko (D:2)
  8 bats
  A giant cockroach (D:1)
  7 goblins
  2 hobgoblins (D:2)
  2 jackals (D:1)
  A quokka (D:2)
  A ball python (D:1)
  A frilled lizard (D:2)
  4 kobolds (D:1)
  6 rats
37 creatures vanquished.

Notes
Turn   | Place    | Note
-------+----------+-------------------------------------------
     0 | D:1      | JeffiDaFish the Ghoul Warper began the quest for the Orb.
     0 | D:1      | Reached XP level 1. HP: 17/17 MP: 2/2
   132 | D:1      | Reached XP level 2. HP: 16/24 MP: 4/4
   145 | D:1      | Learned a level 2 spell: Blink
   170 | D:1      | Learned a level 2 spell: Shroud of Golubria
   568 | D:1      | Reached XP level 3. HP: 29/30 MP: 2/5
   938 | D:2      | Found a shimmering altar of Xom.
   974 | D:2      | Became a worshipper of Xom of Chaos
  1027 | D:2      | XOM: potion effect (magic)
  1030 | D:2      | HP: 1/30 [bat (1)]
  1231 | D:2      | XOM: harmless Ice miscast
  1309 | D:2      | XOM: harmless Chrm miscast
  1382 | D:2      | XOM: divination: detect items
  1386 | D:2      | XOM: butterfly on damage
  1390 | D:2      | HP: 1/30 [hobgoblin/club (3)]
  1395 | D:2      | XOM: harmless Chrm miscast
  1407 | D:2      | Slain by a hobgoblin

Skill      XL: |  1 |
---------------+----+-----
Dodging        | 2 |  2.6
Spellcasting   | 2 |  2.3
Fighting       | |  2.6
Throwing       | |  0.8
Armour         | |  0.8
Unarmed Combat | |  2.8
Translocations | |  2.6

Action                   || total
-------------------------++-------
Melee: Unarmed           ||   151
       Punch             ||     2
 Cast: Blink             ||     6
       Shroud of Golubri ||     2
  Use: Scroll            ||     5
       Potion            ||     3
  Eat: Chunk             ||     5
Armor: Leather armour    ||    43
Dodge: Dodged            ||   108
